 Dungeon Crawl Stone Soup version 0.30.0-29-ga12c61a403 (webtiles) character file.

Game seed: 16302811205633114749

3658 Goreval the Basher (level 9, -4/83 HPs)
             Began as an Armataur Berserker on June 23, 2023.
             Was an Elder of Trog.
             Slain by an eight-headed hydra (6 damage)
             ... on level 9 of the Dungeon.
             The game lasted 00:17:42 (7933 turns).

Goreval the Basher (Armataur Berserker)             Turns: 7933, Time: 00:17:42

Health: -4/83      AC: 15    Str: 26    XL:     9   Next: 88%
Magic:  24/24      EV: 11    Int:  7    God:    Trog [****..]
Gold:   510        SH:  0    Dex: 17    Spells: 8/8 levels left

rFire   . . .        O - +2 whip (flame)
rCold   . . .        i - +0 kite shield
rNeg    . . .        J - +0 chain mail
rPois   .            s - +1 hat
rElec   .            j - +0 cloak
rCorr   .            G - +2 pair of gloves
SInv    .            (no barding)
Will    .....        w
                       - Hermit's Pendant {Faith Invo=14 Evo=0 MP+5} Stlth
                     c - +5 ring of evasion
HPRegen 0.33/turn    D - +6 ring of dexterity
MPRegen 0.19/turn

%: roll, faith
@: confused, invisible
A: large, rugged brown scales 3, deformed body, armoured tail, roll, long
tongue, awkward tongue
a: Renounce Religion, Berserk, Trog's Hand, Brothers in Arms


You were on level 9 of the Dungeon.
You worshipped Trog.
Trog was greatly pleased with you.
You visited 1 branch of the dungeon, and saw 9 of its levels.

You collected 540 gold pieces.
You spent 30 gold pieces at shops.

Inventory:

Hand Weapons
 a - a +0 flail of draining
 b - the +1 sling of Dismay {antimagic, +Blink}
   (You found it on level 3 of the Dungeon)

   +Blink:    It lets you blink.
 O - a +2 whip of flaming (weapon)
Missiles
 p - 76 stones (quivered)
 u - 7 boomerangs
 F - 14 poisoned darts
 N - 4 atropa-tipped darts
Armour
 i - a +0 kite shield (worn)
 j - a +0 cloak (worn)
 s - a +1 hat (worn)
 G - a +2 pair of gloves (worn)
 J - a +0 chain mail (worn)
Jewellery
 c - a +5 ring of evasion (left hand)
 w - the Hermit's Pendant (around neck) {Faith Invo=14 Evo=0 MP+5}
   (You found it on level 3 of the Dungeon)

   [amulet of faith]

   Invo=14: It sets your Invocations skill to 14.
   Evo=0: It sets your Evocations skill to 0.
   It allows you to gain divine favour quickly.
   MP:        It affects your magic capacity (+5).
 D - a +6 ring of dexterity (right hand)
 I - an amulet of regeneration
 R - a ring of resist corrosion
Wands
 L - a wand of flame (44)
Scrolls
 e - 3 scrolls of teleportation
 f - 2 scrolls of vulnerability {unknown}
 g - 4 scrolls of blinking {unknown}
 h - a scroll of magic mapping
 k - a scroll of noise {unknown}
 l - 2 scrolls of enchant weapon {unknown}
 m - a scroll of amnesia {unknown}
 v - a scroll of enchant armour {unknown}
 x - a scroll of brand weapon {unknown}
 y - 3 scrolls of fog
 E - a scroll of immolation {unknown}
 K - a scroll of silence {unknown}
 M - a scroll of acquirement {unknown}
 Q - a scroll of fear {unknown}
 T - a scroll of butterflies {unknown}
Potions
 d - 4 potions of flight
 n - 7 potions of curing
 o - a potion of might {unknown}
 q - a potion of degeneration {unknown}
 r - a potion of berserk rage {unknown}
 t - 3 potions of heal wounds
 z - 2 potions of invisibility
 A - 2 potions of lignification {unknown}
 B - a potion of resistance {unknown}
 H - 3 potions of mutation
 P - 2 potions of attraction {unknown}
 S - a potion of magic {unknown}


   Skills:
 + Level 6.4 Fighting
 * Level 8.8 Maces & Flails
 + Level 8.0 Armour
 - Level 1.3 Dodging
 + Level 7.2 Stealth


You had 8 spell levels left.
You didn't know any spells.
Your spell library was empty.

Dungeon Overview and Level Annotations

Branches:
Dungeon (9/15) Zot: 24203  Temple (0/1) D:6
   Lair: D:8-11         Orc: D:9-12

Altars:
Ashenzari
Fedhas
Ru
Trog
Vehumet
Zin

Shops:
D:3 :   D:6 **

Annotations:
D:9 1 runed translucent door


Innate Abilities, Weirdness & Mutations

You are completely covered in rugged brown scales. (AC +3, +7% HP)
Armour fits poorly on your strangely shaped body.
You have a long armoured tail.
You roll when moving toward enemies. (Rampage)
Your long tongue fully drains potion bottles. (2x potion effects)
Your tongue gives you trouble enunciating. (1.5x scroll delay)


Message History

The eight-headed hydra bites you!
The eight-headed hydra bites you but does no damage.
The eight-headed hydra closely misses you.
The eight-headed hydra bites you but does no damage.
The eight-headed hydra bites you. The eight-headed hydra bites you!
The eight-headed hydra bites you but does no damage.
You whack the eight-headed hydra! You burn the eight-headed hydra.
The golden eye blinks at you.
You bump into the metal wall.
The eight-headed hydra barely misses you.
The eight-headed hydra completely misses you.
The eight-headed hydra bites you.
The eight-headed hydra barely misses you.
The eight-headed hydra bites you but does no damage.
The eight-headed hydra closely misses you.
The eight-headed hydra bites you but does no damage. x2
Items here: ))) [[[ †.
The troll barely misses you. x2; The troll claws you.
You barely miss the eight-headed hydra. You tail-slap the eight-headed hydra!
The eight-headed hydra closely misses you. x2
The eight-headed hydra bites you!
The eight-headed hydra closely misses you.
The eight-headed hydra barely misses you.
The eight-headed hydra bites you!
* * * LOW HITPOINT WARNING * * *
The eight-headed hydra bites you but does no damage.
The eight-headed hydra barely misses you.
The troll bites you but does no damage. The troll claws you but does no damage.
The troll misses you.
Unknown command.
You bump into the metal wall.
The eight-headed hydra closely misses you.
The eight-headed hydra bites you.
* * * LOW HITPOINT WARNING * * *
The eight-headed hydra barely misses you. x2
The eight-headed hydra closely misses you.
The eight-headed hydra bites you!
* * * LOW HITPOINT WARNING * * *
The eight-headed hydra bites you.
You die...

.. #.#
.#########.#
#.#(...!#.##
#.##...##.#
##.#F..#.##
#.##.##.#
##.#.#.##
#o#+#.#
##T@.##
#.D.# ##.##
#.# ###


You could see an eight-headed hydra (unable to see you), a cane toad (unable to
see you), a troll (unable to see you) and an orc (unable to see you).

Vanquished Creatures
  Pikel (D:7)
  A hornet (D:4)
  Prince Ribbit (D:6)
  Sigmund (D:4)
  A steam dragon (D:6)
  The ghost of Elmgren the Shooter, an amateur GrHu (D:4)
  Duvessa (D:6)
  2 sky beasts
  An ice beast (D:3)
  3 orc warriors
  A black bear (D:5)
  A centaur (D:7)
  A phantom (D:6)
  3 bullfrogs
  3 scorpions
  A gnoll sergeant (D:8)
  Dowan (D:6)
  4 killer bees (D:8)
  2 howler monkeys (D:7)
  4 hounds
  7 orc priests
  Crazy Yiuf (D:4)
  A jelly (D:6)
  An iguana (D:6)
  2 sleepcaps
  4 orc wizards
  3 gnolls (D:8)
  6 adders
  A shadow imp (D:7)
  A white imp (D:6)
  An ufetubus (D:6)
  3 worms
  2 dart slugs
  21 orcs
  5 ball pythons
  3 endoplasms
  2 giant cockroaches
  9 goblins
  7 hobgoblins
  12 kobolds
  5 quokkas
  7 bats
  7 frilled lizards
  7 rats
152 creatures vanquished.

Notes
Turn   | Place    | Note
-------+----------+-------------------------------------------
     0 | D:1      | Goreval the Armataur Berserker began the quest for the Orb.
     0 | D:1      | Reached XP level 1. HP: 19/19 MP: 1/1
   112 | D:1      | Reached XP level 2. HP: 26/26 MP: 2/2
   383 | D:1      | Reached ** piety under Trog
   487 | D:1      | Reached XP level 3. HP: 33/33 MP: 3/3
  1604 | D:3      | Reached skill level 1 in Stealth
  1625 | D:3      | Reached XP level 4. HP: 40/40 MP: 4/4
  1684 | D:3      | Reached *** piety under Trog
  1925 | D:3      | Identified the +1 sling of Dismay {antimagic, +Blink}
  1999 | D:3      | Reached XP level 5. HP: 48/48 MP: 5/5
  2164 | D:3      | Found a faded altar of an unknown god.
  2164 | D:3      | Found the Hermit's Pendant {Faith Invo=14 Evo=0 MP+5}
  2339 | D:3      | Found Giahack's Book Shop.
  2437 | D:3      | Noticed an ice beast
  2453 | D:3      | Killed an ice beast
  2526 | D:3      | Reached XP level 6. HP: 55/55 MP: 16/16
  2714 | D:4      | Found a glowing silver altar of Zin.
  2715 | D:4      | Noticed an angel
  2722 | D:4      | Noticed a hornet
  2729 | D:4      | Killed a hornet
  2730 | D:4      | Reached skill level 5 in Maces & Flails
  2835 | D:4      | Reached XP level 7. HP: 63/63 MP: 17/17
  2879 | D:4      | Noticed Sigmund
  3012 | D:4      | Found a bloodstained altar of Trog.
  3106 | D:4      | Found a runed translucent door.
  3109 | D:4      | Noticed Elmgren's ghost (amateur GrHu)
  3143 | D:4      | Found a runed translucent door.
  3144 | D:4      | Noticed Crazy Yiuf
  3614 | D:4      | Killed Elmgren's ghost
  3615 | D:4      | Reached skill level 5 in Armour
  3688 | D:4      | Killed Crazy Yiuf
  3753 | D:5      | Entered Level 5 of the Dungeon
  4000 | D:5      | Found a broken altar of Ashenzari.
  4061 | D:5      | Found a radiant altar of Vehumet.
  4449 | D:5      | Reached XP level 8. HP: 56/71 MP: 18/18
  4609 | D:6      | Noticed Prince Ribbit
  4663 | D:6      | Killed Prince Ribbit
  4787 | D:6      | You fall into a shaft and drop 3 floors!
  4995 | D:8      | Reached skill level 5 in Fighting
  4996 | D:8      | Reached skill level 5 in Stealth
  5116 | D:7      | Reached **** piety under Trog
  5128 | D:7      | Found a blossoming altar of Fedhas.
  5166 | D:7      | Noticed Pikel
  5179 | D:7      | Killed Pikel
  5180 | D:7      | Reached XP level 9. HP: 61/79 MP: 19/19
  5323 | D:6      | Found a staircase to the Ecumenical Temple.
  5467 | D:6      | Noticed Dowan
  5468 | D:6      | Noticed Duvessa
  5484 | D:6      | Killed Duvessa
  5501 | D:6      | Killed Dowan
  5794 | D:6      | Found Tizots's Specific Store.
  5797 | D:6      | Found Zucog's General Store.
  5809 | D:6      | Bought a scroll of identify for 30 gold pieces
  6229 | D:4      | Killed Sigmund
  7076 | D:8      | Found a sacrificial altar of Ru.
  7589 | D:8      | Reached ***** piety under Trog
  7870 | D:9      | Found a runed translucent door.
  7884 | D:9      | Noticed an eight-headed hydra
  7904 | D:9      | Noticed a troll
  7917 | D:9      | Noticed a cane toad
  7933 | D:9      | HP: 2/83 [eight-headed hydra (12)]
  7933 | D:9      | Slain by an eight-headed hydra

Illustrated notes

Levels and vault maps discovered:
D:1:      minmay_arrival_radiant_lines, layout_loops_ring,
          chequers_serial_rivers_small_b, minmay_ruptured
D:2:      layout_basic, minmay_lizard_pond
D:3:      layout_loops_ring, serial_shops, shop, chequers_serial_rivers_micro_c,
          small_statue_intersection, hellmonk_guarded_unrand_hermit
D:4:      layout_loops_ring, zin_angel, amcnicky_altar_gilded,
          ebering_ghost_sewer_d, uniq_crazy_yiuf_cottage, uniq_sigmund
D:5:      layout_loops_ring, nicolae_vehumet_altar_sigil,
          nicolae_ashenzari_skybound
D:6:      lemuel_ice_spiral_2, layout_basic, temple_statues,
          nicolae_specific_store, hex_intersection, uniq_duvessa,
          uniq_prince_ribbit1
D:7:      layout_loops_ring, mainiacjoe_overflow_surrounded_room,
          kennysheep_generic_room_13, uniq_pikel
D:8:      layout_basic, lemuel_round_altar, roderic_lattice_a
D:9:      minmay_the_grid_triangle_9x9_rhombus_thin
          [minmay_the_grid_triangle_9x9_subtriangle,
          minmay_the_grid_triangle_9x9_prize_insulated,
          minmay_the_grid_triangle_9x9_empty,
          minmay_the_grid_triangle_9x9_descending_squares],
          layout_irregular_city, jmf_multi_god_temple2,
          grunt_lair_entry_orc_guard_hut, orc_0_dummy, serial_shops,
          nicolae_shop_just_a_little_nook, serial_undead, serial_undead_e,
          serial_undead_a, serial_undead_b, serial_undead_c,
          serial_bayou_pond_e, uniq_joseph, uniq_grum

Skill      XL: |  1  2  3  4  5  6  7  8  9 |
---------------+----------------------------+-----
Maces & Flails | 3 4 5 6 7 8 |  8.8
Fighting       | 3 4 5 6 |  6.4
Armour         | 3 4 5 6 8 |  8.0
Stealth        | 1 2 3 4 5 7 |  7.2
Dodging        | |  1.3

Action                     |  1- 3 |  4- 6 |  7- 9 || total
---------------------------+-------+-------+-------++-------
  Melee: Mace              |   139 |    16 |       ||   155
         Tailslap          |    11 |     8 |    49 ||    68
         Flail             |       |    78 |   144 ||   222
         Whip              |       |       |   202 ||   202
  Throw: Stone             |     1 |     9 |    22 ||    32
 Invoke: Berserk           |       |     2 |       ||     2
    Use: Scroll            |       |       |     6 ||     6
         Potion            |       |       |     4 ||     4
   Stab: Sleeping          |     1 |       |       ||     1
 Armour: Animal skin       |    36 |     1 |       ||    37
         Ring mail         |       |    23 |       ||    23
         Chain mail        |       |       |   145 ||   145
  Dodge: Dodged            |    75 |    35 |   141 ||   251
  Block: Kite shield       |    20 |    29 |    83 ||   132
